 Dungeon Sprint DCSS version 0.28-a0-445-g51f8dfeb47 (webtiles) character file.

Game seed: 4498319267214633418

122 Conn the Firebug (level 5, 0/46 HPs)
             Began as an Octopode Fire Elementalist on Sept 12, 2021.
             Succumbed to a scorpion's poison
             ... in the Dungeon (Sprint II: "The Violet Keep of Menkaure").
             The game lasted 00:01:02 (25 turns).

Conn the Firebug (Octopode Fire Elementalist)         Turns: 25, Time: 00:01:02

Health: 0/46       AC:  1    Str:  7    XL:     5   Next: 6%
Magic:  5/12       EV: 14    Int: 19    God:
Gold:   0          SH:  0    Dex: 12    Spells: 13/14 levels left

rFire   . . .      SeeInvis .   (no weapon)
rCold   . . .      Faith    .   (no shield)
rNeg    . . .      Spirit   .   (helmet restricted)
rPois   .          Reflect  .   (no amulet)
rElec   .          Harm     .   (no ring)
rCorr   .          Rampage  .   (no ring)
Will    .....      NoTele   +   (no ring)
Stlth   ..........              (no ring)
HPRegen 0.15/turn               (no ring)
MPRegen 0.13/turn               (no ring)
                                (no ring)
                                (no ring)

@: berserking (expiring), lethally poisoned (0 -> -6), hasted, very quick
A: almost no armour, amphibious, 8 rings, camouflage 1, gelatinous body 1,
(nimble swimmer 1), tentacles
a: no special abilities


You were in the Dungeon.
You visited 1 branch

Inventory:

Scrolls
 f - a scroll of blinking
Potions
 a - a potion of curing
 b - a potion of heal wounds
 d - 2 potions of magic


   Skills:
 + Level 3.4 Dodging
 + Level 4.4 Stealth
 * Level 5.0 Spellcasting
 * Level 3.7 Conjurations
 + Level 6.6 Fire Magic


You had 13 spell levels left.
You knew the following spells:

 Your Spells              Type           Power      Damage    Failure   Level
a - Foxfire               Conj/Fire      96%        2x1d8     1%          1

Your spell library contained the following spells:

 Spells                   Type           Power      Damage    Failure   Level
 Scorch                   Fire           60%        2d8       1%          2
 Conjure Flame            Conj/Fire      24%        6-21      4%          3
 Inner Flame              Hex/Fire       17%        N/A       10%         3
 Flame Wave               Conj/Fire      24%        3d6       14%         4


Dungeon Overview and Level Annotations

Branches:
Dungeon (1/1)

Altars:


Innate Abilities, Weirdness & Mutations

You cannot wear most types of armour.
You are amphibious.
You can wear up to eight rings at the same time.
Your skin changes colour to match your surroundings (Stealth+).
Your rubbery body absorbs attacks. (AC +1, EV +1)
((You are camouflaged near water. (Stealth+)))
You have tentacles for arms and can constrict up to eight enemies at once.


Message History

Your Dodging skill increases to level 3!
Your Stealth skill increases to level 3!
Your Spellcasting skill gained 2 levels and is now at level 4!
Your Conjurations skill gained 2 levels and is now at level 3!
Your Fire Magic skill gained 2 levels and is now at level 5!
You have reached level 2!
You have reached level 3!
Your experience leads to an increase in your attributes!
Increase (S)trength, (I)ntelligence, or (D)exterity?
You feel clever.
You have reached level 4!
Unknown command.
You closely miss the scorpion. You grab the scorpion. You squeeze the scorpion!
The scorpion is severely wounded.
You constrict the scorpion, but do no damage.
You tentacle-slap the scorpion.
The scorpion is almost dead.
You constrict the scorpion. The scorpion stings you!
* * * LOW HITPOINT WARNING * * *
You are lethally poisoned!
The scorpion poisons you!
Unknown command.
You tentacle-slap the scorpion.
You kill the scorpion!
* * * LOW HITPOINT WARNING * * *
You feel sick.
Your Stealth skill increases to level 4!
Your Spellcasting skill increases to level 5!
Your Fire Magic skill increases to level 6!
You have reached level 5!
You feel clever.
You are too berserk!
You are too berserk!
You are too berserk!
You are too berserk!
You are too berserk!
You are too berserk!
You are too berserk!
You are too berserk!
You die...

## ## l# #l #
.#$ # #w #+#
.##
#.##.##.m.#
#+.<.+$#
#.w.##.##...#
##w #@# .## #
#$# # .#. #.
.# ## ##


There were no monsters in sight!

Vanquished Creatures
  2 scorpions (D)
2 creatures vanquished.

Notes
Turn   | Place    | Note
-------+----------+-------------------------------------------
     0 | D        | Conn the Octopode Fire Elementalist began the quest for the
                  | Orb.
     0 | D        | Reached XP level 1. HP: 11/11 MP: 3/3
     4 | D        | Noticed a wyvern
     4 | D        | Noticed a wyvern
     7 | D        | Noticed a merfolk siren
    10 | D        | Noticed a scorpion
    10 | D        | Noticed a scorpion
    21 | D        | Killed a scorpion
    22 | D        | Reached skill level 5 in Fire Magic
    22 | D        | Reached XP level 2. HP: 7/17 MP: 4/7
    22 | D        | Reached XP level 3. HP: 9/21 MP: 4/8
    22 | D        | Reached XP level 4. HP: 12/27 MP: 5/10
    24 | D        | Killed a scorpion
    24 | D        | HP: 1/40 [poisoned by a scorpion]
    25 | D        | Reached skill level 5 in Spellcasting
    25 | D        | Reached skill level 6 in Fire Magic
    25 | D        | Reached XP level 5. HP: 1/31 MP: 5/12
    25 | D        | Succumbed to a scorpion's poison

Illustrated notes

Levels and vault maps discovered:
D:        the_violet_keep_of_menkaure [sprint2_stairs_cluster_1,
          sprint2_shoproom, sprint2_temple, sprint2_basic_supplies,
          sprint2_obstacle_2, sprint2_obstacle_5, sprint2_obstacle_7,
          sprint2_obstacle_1, sprint2_obstacle_4, sprint2_timed_cluster_1,
          sprint2_smallroom_cluster_1, sprint2_smallroom_final_cluster_1,
          sprint2_transparent_cluster_1, sprint2_second_timed_cluster_1,
          sprint2_sniper_area_1, sprint2_heavy_combat_area_1,
          sprint2_mutation_trap_area_1, sprint2_forest_area_1,
          sprint2_light_combat_area_1, sprint2_behind_water_1,
          sprint2_near_end_vault_1]

Skill      XL: |  1  2  3  4 |
---------------+-------------+-----
Dodging        | 3 |  3.4
Stealth        | 3 4 |  4.4
Spellcasting   | 4 5 |  5.0
Conjurations   | 3 |  3.7
Fire Magic     | 5 6 |  6.6

Action                   |  1- 3 |  4- 6 || total
-------------------------+-------+-------++-------
Melee: Unarmed           |     9 |     3 ||    12
       Tentacles         |     2 |     1 ||     3
       Constrict         |     1 |     1 ||     2
  Use: Potion            |     2 |       ||     2
Dodge: Dodged            |     5 |       ||     5

Table legend: (Time is in decaauts)
 A = Elapsed time spent in this place.
 B = Non-inter-level travel time spent in this place.
 C = Inter-level travel time spent in this place.
 D = Time resting spent in this place.
 E = Time spent auto-exploring this place.
 F = Levels seen in this place.
 G = Mean time per level.
                   A        B        C        D        E       F      G
               +--------+--------+--------+--------+--------+-----+--------+
         Total |     20 |     20 |      0 |      0 |      0 |   1 |   20.0 |
       Dungeon |     20 |     20 |      0 |      0 |      0 |   1 |   20.0 |
               +--------+--------+--------+--------+--------+-----+--------+

Top non-repeatable levels by time:
       D: 20 daAuts
